 Dungeon Crawl Stone Soup version 0.29-a0-23-ga79f92ac9c (webtiles) character file.

Game seed: 17111153756819057239

580 arthad the Insei (level 7, -2/52 HPs)
             Began as a Gnoll Transmuter on Jan 30, 2022.
             Was an Initiate of Ashenzari.
             Engulfed by a cloud of flame (21 damage)
             ... on level 5 of the Dungeon on Jan 31, 2022.
             The game lasted 00:10:22 (4032 turns).

arthad the Insei (Gnoll Transmuter)                 Turns: 4032, Time: 00:10:23

Health: -2/52      AC:  3    Str: 15    XL:     7   Next: 36%
Magic:  15/15      EV: 13    Int: 15    God:    Ashenzari [......]
Gold:   217        SH:  0    Dex: 12    Spells: 4/17 levels left

rFire   . . .      SeeInvis .   d - +8 trident of the Octopus King {venom, rElec rPois}
rCold   . . .      Faith    .   (no shield)
rNeg    . . .      Spirit   .   a - +0 robe
rPois   +          Reflect  .   (no helmet)
rElec   +          Harm     .   k - +0 cloak
rCorr   .          Rampage  .   (no gloves)
Will    .....                   (no boots)
Stlth   ++........              (no amulet)
HPRegen 0.17/turn               l - +6 ring of strength
MPRegen 0.14/turn               (no ring)

@: no status effects
A: fangs 1, strong nose, distributed training
a: Renounce Religion


You were on level 5 of the Dungeon.
You worshipped Ashenzari.
Ashenzari was noncommittal.
You visited 1 branch of the dungeon, and saw 5 of its levels.

You collected 217 gold pieces.

Inventory:

Hand Weapons
 d - the +8 trident of the Octopus King (weapon) {venom, rElec rPois}
   (You found it on level 2 of the Dungeon)

   It poisons the flesh of those it strikes.
   rElec:     It insulates you from electricity.
   rPois:     It protects you from poison.
Missiles
 n - 2 silver javelins
Armour
 a - a +0 robe (worn)
 k - a +0 cloak (worn)
Magical Staves
 b - a staff of poison
Jewellery
 c - a ring of ice
 l - a +6 ring of strength (left hand)
Scrolls
 g - a scroll of teleportation {unknown}
 j - 3 scrolls of identify {unknown}
 m - 2 scrolls of fog {unknown}
 o - a scroll of enchant weapon {unknown}
 p - a scroll of enchant armour {unknown}
Potions
 f - a potion of brilliance {unknown}
 h - 2 potions of mutation {unknown}
 i - a potion of attraction {unknown}


   Skills:
 + Level 3.6 Fighting
 + Level 2.4 Short Blades
 + Level 2.4 Long Blades
 + Level 2.4 Axes
 + Level 2.4 Maces & Flails
 + Level 2.4 Polearms
 + Level 2.4 Staves
 + Level 2.4 Slings
 + Level 2.4 Bows
 + Level 2.4 Crossbows
 + Level 2.4 Throwing
 + Level 2.4 Armour
 + Level 5.2 Dodging
 + Level 2.4 Stealth
 + Level 2.4 Shields
 + Level 7.0 Unarmed Combat
 + Level 5.6 Spellcasting
 + Level 2.0 Conjurations
 + Level 2.0 Hexes
 + Level 2.0 Summonings
 + Level 2.0 Necromancy
 + Level 2.0 Translocations
 + Level 4.3 Transmutations
 + Level 2.0 Fire Magic
 + Level 2.0 Ice Magic
 + Level 2.0 Air Magic
 + Level 2.0 Earth Magic
 + Level 2.0 Poison Magic
 + Level 2.7 Invocations
 + Level 2.4 Evocations


You had 4 spell levels left.
You knew the following spells:

 Your Spells              Type           Power      Damage    Failure   Level
a - Beastly Appendage     Tmut           34%        N/A       2%          1
b - Wereblood             Tmut           17%        N/A       4%          2
c - Spider Form           Tmut/Pois      13%        N/A       13%         3
d - Ice Form              Ice/Tmut       13%        N/A       38%         4
e - Swiftness             Air            10%        N/A       21%         3

Your spell library contained the following spells:

 Spells                   Type           Power      Damage    Failure   Level
 Passwall                 Tmut/Erth      10%        N/A       6%          2
 Ensorcelled Hibernation  Hex/Ice        20%        N/A       11%         2


Dungeon Overview and Level Annotations

Branches:
Dungeon (5/15)
 Temple: D:4-7

Altars:
Ashenzari
Elyvilon
Fedhas
Kikubaaqudgha
Qazlal
Trog
Uskayaw
Xom


Innate Abilities, Weirdness & Mutations

You have very sharp teeth.
Your uncanny sense of smell can sniff out nearby items.
Your experience applies equally to all skills.


Message History

The air around you briefly surges with heat, but it dissipates.
It was a scroll of immolation.
You open the door.
Found a pair of embroidered gloves.
A yak comes into view.
There is an open door here. 4 jackals, a hound and 6 yaks come into view.
The jackal barks!
The yak bellows! x3; You hear a bellow! x2
The jackal bites you.
A yak comes into view.
Really read the scroll of immolation?
As you read the scroll of immolation, it crumbles to dust.
The creatures around you are filled with an inner flame!
The jackal barks!
The yak bellows! x2; You hear a bellow!
The jackal bites you.
There is an open door here.
You aren't carrying any items that you can evoke.
You puncture the jackal!
The jackal explodes!
The fiery explosion engulfs you!!
Ouch! That really hurt!
You feel a bit more experienced.
The fiery explosion engulfs the jackal!!!
The jackal explodes!
The fiery explosion engulfs the jackal!!
The jackal explodes!
The fiery explosion engulfs the jackal!!
The fiery explosion engulfs the yak!!
Flame seeps out of the yak.
The yak is severely wounded.
The jackal explodes!
The fiery explosion engulfs the yak!!! x2
The yak explodes!
The fiery explosion engulfs the yak!
Flame seeps out of the yak.
The yak is moderately wounded.
The yak explodes!
The tree burns like a torch!
The fiery explosion engulfs the yak!!
The yak explodes!
You hear an explosion!
You are engulfed in blazing flames.
You die...

.......
.......
Y..Y.. ####
....#
#<.##.Y.# ∆
#...#Y..#
##.@#...#+
###§§...#
#..h.§§......
#....§§§.....
#....§§§§....
#####§§○§.###
+#§§§#..
Y..#.. ...#


You could see a yak (inner flame).

Vanquished Creatures
  Sigmund (D:2)
  3 yaks (D:5)
  A black bear (D:4)
  A howler monkey (D:3)
  A hound (D:5)
  An orc priest (D:4)
  Jessica (D:2)
  6 adders
  4 gnolls (D:2)
  An ufetubus (D:4)
  2 worms
  3 dart slugs (D:2)
  4 orcs
  6 bats
  7 endoplasms
  5 giant cockroaches
  5 goblins
  6 hobgoblins
  6 jackals
  2 kobolds
  3 quokkas
  5 ball pythons
  4 frilled lizards
  4 rats (D:3)
82 creatures vanquished.

Vanquished Creatures (others)
  5 dream sheep (D:3)
5 creatures vanquished.

Grand Total: 87 creatures vanquished

Notes
Turn   | Place    | Note
-------+----------+-------------------------------------------
     0 | D:1      | arthad the Gnoll Transmuter began the quest for the Orb.
     0 | D:1      | Reached XP level 1. HP: 17/17 MP: 6/6
   337 | D:1      | Reached XP level 2. HP: 20/23 MP: 7/7
   598 | D:1      | Learned a level 2 spell: Wereblood
  1046 | D:1      | Reached XP level 3. HP: 28/28 MP: 9/9
  1355 | D:1      | Learned a level 3 spell: Spider Form
  1362 | D:2      | Reached skill level 5 in Spellcasting
  1367 | D:2      | Reached skill level 1 in Invocations
  1472 | D:2      | Found the +8 trident of the Octopus King {venom, rElec
                  | rPois}
  1484 | D:2      | Found a faded altar of an unknown god.
  1488 | D:2      | Noticed Sigmund
  1860 | D:2      | Reached skill level 1 in Short Blades
  1860 | D:2      | Reached skill level 1 in Long Blades
  1860 | D:2      | Reached skill level 1 in Axes
  1860 | D:2      | Reached skill level 1 in Maces & Flails
  1860 | D:2      | Reached skill level 1 in Polearms
  1860 | D:2      | Reached skill level 1 in Staves
  1860 | D:2      | Reached skill level 1 in Slings
  1860 | D:2      | Reached skill level 1 in Bows
  1860 | D:2      | Reached skill level 1 in Crossbows
  1860 | D:2      | Reached skill level 1 in Throwing
  1860 | D:2      | Reached skill level 1 in Armour
  1860 | D:2      | Reached skill level 1 in Stealth
  1860 | D:2      | Reached skill level 1 in Shields
  1860 | D:2      | Reached skill level 1 in Evocations
  1860 | D:2      | Reached XP level 4. HP: 34/34 MP: 11/11
  1920 | D:2      | Reached skill level 1 in Conjurations
  1920 | D:2      | Reached skill level 1 in Hexes
  1920 | D:2      | Reached skill level 1 in Summonings
  1920 | D:2      | Reached skill level 1 in Necromancy
  1920 | D:2      | Reached skill level 1 in Translocations
  1920 | D:2      | Reached skill level 1 in Fire Magic
  1920 | D:2      | Reached skill level 1 in Ice Magic
  1920 | D:2      | Reached skill level 1 in Air Magic
  1920 | D:2      | Reached skill level 1 in Earth Magic
  1920 | D:2      | Reached skill level 1 in Poison Magic
  2148 | D:2      | Found a shimmering altar of Xom.
  2178 | D:2      | Killed Sigmund
  2179 | D:2      | Reached XP level 5. HP: 22/41 MP: 12/12
  2179 | D:2      | Reached XP level 6. HP: 25/47 MP: 13/13
  2186 | D:2      | Learned a level 4 spell: Ice Form
  2190 | D:2      | Learned a level 3 spell: Swiftness
  2545 | D:2      | Noticed Jessica
  2553 | D:2      | Killed Jessica
  2617 | D:2      | Reached skill level 5 in Dodging
  2703 | D:3      | Found a blossoming altar of Fedhas.
  2798 | D:3      | Found a hide-covered altar of Uskayaw.
  3302 | D:3      | Noticed a dream sheep
  3302 | D:3      | Noticed a dream sheep
  3302 | D:3      | Noticed a dream sheep
  3302 | D:3      | Noticed a dream sheep
  3302 | D:3      | Noticed a dream sheep
  3302 | D:3      | Found a shimmering altar of Xom.
  3303 | D:3      | Killed a dream sheep
  3303 | D:3      | Killed a dream sheep
  3303 | D:3      | Killed a dream sheep
  3303 | D:3      | Killed a dream sheep
  3303 | D:3      | Killed a dream sheep
  3477 | D:4      | Reached XP level 7. HP: 52/52 MP: 15/15
  3701 | D:4      | Found a bloodstained altar of Trog.
  3731 | D:4      | Found a stormy altar of Qazlal.
  3746 | D:4      | Reached skill level 7 in Unarmed Combat
  3855 | D:4      | Found a broken altar of Ashenzari.
  3855 | D:4      | Found an ancient bone altar of Kikubaaqudgha.
  3855 | D:4      | Found a white marble altar of Elyvilon.
  4011 | D:4      | Became a worshipper of Ashenzari the Shackled
  4024 | D:5      | Entered Level 5 of the Dungeon
  4028 | D:5      | Noticed a yak
  4029 | D:5      | Noticed a yak
  4029 | D:5      | Noticed a yak
  4029 | D:5      | Noticed a yak
  4029 | D:5      | Noticed a yak
  4029 | D:5      | Noticed a yak
  4029 | D:5      | Noticed a yak
  4029 | D:5      | Noticed a yak
  4032 | D:5      | Killed a yak
  4032 | D:5      | Killed a yak
  4032 | D:5      | Killed a yak
  4032 | D:5      | Engulfed by a cloud of flame

Illustrated notes

Levels and vault maps discovered:
D:1:      psy_arrival_conway, layout_loops_cross, amcnicky_mini_pool_small,
          chequers_serial_rivers_micro_b, minmay_misc_feat_alley,
          serial_park_tiny_pond, nicolae_concentric_dashed_squares_wild
D:2:      layout_loops_cross, basic_altar, ebering_ecumenical_altar_mist,
          uniq_jessica, uniq_sigmund
D:3:      layout_loops_ring, nicolae_uskayaw_dance_hall, amcnicky_altar_gilded,
          kb_xom_exploding_sheep, minmay_curled_crystal, minmay_fountain_box
D:4:      layout_cave_pools, gammafunk_temple_overflow_forgotten,
          nicolae_overflow_crystal_walls, nicolae_qazlal_general_emergency
D:5:      layout_basic, general_overflow_altar, nicolae_gozag_seed_capital,
          nicolae_ossuary_entry_plus, grunt_ministairs_6,
          chequers_serial_rivers_micro_d

Skill      XL: |  1  2  3  4  5  6  7 |
---------------+----------------------+-----
Spellcasting   | 5 |  5.6
Invocations    | 1 2 |  2.7
Short Blades   | 1 2 |  2.4
Long Blades    | 1 2 |  2.4
Axes           | 1 2 |  2.4
Maces & Flails | 1 2 |  2.4
Polearms       | 1 2 |  2.4
Staves         | 1 2 |  2.4
Slings         | 1 2 |  2.4
Bows           | 1 2 |  2.4
Crossbows      | 1 2 |  2.4
Throwing       | 1 2 |  2.4
Armour         | 1 2 |  2.4
Stealth        | 1 2 |  2.4
Shields        | 1 2 |  2.4
Evocations     | 1 2 |  2.4
Conjurations   | 1 2 |  2.0
Hexes          | 1 2 |  2.0
Summonings     | 1 2 |  2.0
Necromancy     | 1 2 |  2.0
Translocations | 1 2 |  2.0
Fire Magic     | 1 2 |  2.0
Ice Magic      | 1 2 |  2.0
Air Magic      | 1 2 |  2.0
Earth Magic    | 1 2 |  2.0
Poison Magic   | 1 2 |  2.0
Fighting       | 3 |  3.6
Transmutations | 4 |  4.3
Dodging        | 5 |  5.2
Unarmed Combat | 7 |  7.0

Action                   |  1- 3 |  4- 6 |  7- 9 || total
-------------------------+-------+-------+-------++-------
Melee: Unarmed           |    67 |       |       ||    67
       Bite              |     7 |     2 |     3 ||    12
       Punch             |     2 |     1 |       ||     3
       Trident           |     4 |    58 |    30 ||    92
 Cast: Spider Form       |     1 |       |       ||     1
  Use: Scroll            |       |       |     2 ||     2
 Stab: Sleeping          |     2 |     4 |       ||     6
Armor: Robe              |    11 |     2 |     6 ||    19
Dodge: Dodged            |    41 |    15 |    18 ||    74

Table legend: (Time is in decaauts)
 A = Elapsed time spent in this place.
 B = Non-inter-level travel time spent in this place.
 C = Inter-level travel time spent in this place.
 D = Time resting spent in this place.
 E = Time spent auto-exploring this place.
 F = Levels seen in this place.
 G = Mean time per level.
                   A        B        C        D        E       F      G
               +--------+--------+--------+--------+--------+-----+--------+
         Total |   4048 |   3898 |    150 |    727 |   2626 |   5 |  809.6 |
       Dungeon |   4048 |   3898 |    150 |    727 |   2626 |   5 |  809.6 |
               +--------+--------+--------+--------+--------+-----+--------+

Top non-repeatable levels by time:
     D:1: 1638 daAuts
     D:2: 1062 daAuts
     D:3: 723 daAuts
     D:4: 616 daAuts
     D:5: 7 daAuts
